 Dungeon Crawl Stone Soup version 0.31.0-32-g396128a36d (webtiles) character file.

Game seed: 5976911688744134127

120 PaiMei the Grave Robber (level 4, 0/32 HPs)
             Began as a Demonspawn Necromancer on Apr 17, 2024.
             Slain by a black bear (6 damage)
             ... on level 4 of the Dungeon.
             The game lasted 00:04:12 (3978 turns).

PaiMei the Grave Robber (Demonspawn Necromancer)    Turns: 3978, Time: 00:04:13

Health: 0/32       AC:  9    Str:  9    XL:     4   Next: 75%
Magic:  2/8        EV: 12    Int: 17    God:
Gold:   164        SH:  0    Dex: 13    Spells: 4/8 levels left

rFire   . . .        q - +1 dagger (protect)
rCold   . . .        (no shield)
rNeg    . . .        a - +0 robe
rPois   .            (helmet restricted)
rElec   .            (no cloak)
rCorr   .            (no gloves)
SInv    .            (no boots)
Will    +....        (no amulet)
Stlth   ++           h - ring of willpower
HPRegen 0.25/turn    (no ring)
MPRegen 0.11/turn

%: no passive effects
@: under a protective aura
A: antennae 1, foul stench 1
a: no special abilities


You were on level 4 of the Dungeon.
You visited 1 branch of the dungeon, and saw 4 of its levels.

You collected 164 gold pieces.

Inventory:

Hand Weapons
 q - a +1 dagger of protection (weapon)
Missiles
 k - 2 atropa-tipped darts (quivered)
Armour
 a - a +0 robe (worn)
Jewellery
 h - a ring of willpower (left hand)
Wands
 o - a wand of roots (11)
 s - a wand of mindburst (9)
Scrolls
 d - a scroll of fear {unknown}
 f - a scroll of teleportation {unknown}
 j - 4 scrolls of enchant armour {unknown}
 l - 4 scrolls of identify {unknown}
 m - a scroll of amnesia {unknown}
 n - a scroll of immolation {unknown}
 p - a scroll of noise {unknown}
Potions
 b - a potion of magic
 c - 2 potions of enlightenment {unknown}
 e - a potion of cancellation {unknown}
 g - a potion of haste {unknown}
 i - 3 potions of ambrosia {unknown}
 r - 3 potions of might {unknown}
 t - 2 potions of curing {unknown}
 u - a potion of attraction {unknown}


   Skills:
 + Level 1.4 Fighting
 + Level 2.7 Dodging
 - Level 2.2 Stealth
 + Level 2.8 Spellcasting
 + Level 5.1 Necromancy


You had 4 spell levels left.
You knew the following spells:

 Your Spells              Type           Power      Damage    Failure   Level
a - Necrotise             Necr           76%        1d7       2%          1
b - Vampiric Draining     Necr           19%        2d7       7%          3

Your spell library contained the following spells:

 Spells                   Type           Power      Damage    Failure   Level
 Animate Dead             Necr           19%        N/A       22%         4
 Curse of Agony           Necr           19%        N/A       52%         5


Dungeon Overview and Level Annotations

Branches:
Dungeon (4/15)
 Temple: D:4-7

Altars:

Shops:
D:4 :*:


Innate Abilities, Weirdness & Mutations

You have a pair of small antennae on your head.
You may rarely emit foul miasma when damaged in melee.


Message History

You hit the black bear.
The black bear is heavily wounded.
The black bear bites you.
The black bear claws you but does no damage. x2
You hit the black bear.
The black bear is severely wounded.
The black bear bites you.
The black bear claws you but does no damage. x2
You hit the black bear but do no damage.
The black bear is severely wounded.
The black bear bites you but does no damage.
The black bear closely misses you.
The black bear claws you but does no damage.
You hit the black bear.
The black bear is severely wounded.
The black bear goes berserk!
Casting: Vampiric Draining (quite dangerous; 7% risk of failure)
Confirm with . or Enter, or press ? or * to list all spells.
Aiming: Necrotise (safe; 2% risk of failure)
Press: ? - help, Shift-Dir - straight line, f/p - black bear
Aim: a black bear (severely wounded, berserk, chance to affect: 78%)
The black bear writhes in agony!
The black bear closely misses you.
The black bear claws you but does no damage.
The black bear claws you.
* * * LOW HITPOINT WARNING * * *
Casting: Necrotise (safe; 2% risk of failure)
Confirm with . or Enter, or press ? or * to list all spells.
Aiming: Necrotise (safe; 2% risk of failure)
Press: ? - help, Shift-Dir - straight line, f/p - black bear
Aim: a black bear (almost dead, berserk, chance to affect: 78%)
The black bear barely resists.
The black bear bites you.
* * * LOW HITPOINT WARNING * * *
The black bear claws you but does no damage.
The black bear claws you.
* * * LOW HITPOINT WARNING * * *
The black bear bites you.
* * * LOW HITPOINT WARNING * * *
The black bear claws you but does no damage.
The black bear claws you.
You die...

######## ##......##
##........##
#..........#
#..........#
#..........#
#..........#
#......@...# ##
##.....h.#####.#####
###.......#⌠..#.....#
#.........#[<.#...#..
#.........#..∩#..8.#
#.........#####.....#
#.(.........h..∩.....
#...............#####
#..........#.8..#∩..#


You could see a black bear (berserk).

Vanquished Creatures
  A hound (D:3)
  3 adders
  A dart slug (D:1)
  2 orcs (D:3)
  2 ball pythons
  9 bats
  3 endoplasms (D:1)
  A giant cockroach (D:3)
  11 goblins
  5 hobgoblins
  4 kobolds
  A quokka (D:1)
  2 frilled lizards (D:1)
  4 rats
49 creatures vanquished.

Vanquished Creatures (collateral kills)
  An endoplasm (D:1)
  A goblin (D:2)
  A hobgoblin (D:3)
  2 quokkas
  A frilled lizard (D:1)
  A rat (D:1)
7 creatures vanquished.

Grand Total: 56 creatures vanquished

Notes
Turn   | Place    | Note
-------+----------+-------------------------------------------
     0 | D:1      | PaiMei the Demonspawn Necromancer began the quest for the
                  | Orb.
     0 | D:1      | Reached XP level 1. HP: 13/13 MP: 3/3
   130 | D:1      | Gained mutation: You have a pair of small antennae on your
                  | head. [demonic ancestry]
   130 | D:1      | Reached XP level 2. HP: 19/19 MP: 1/5
   921 | D:1      | Gained mutation: You may rarely emit foul miasma when
                  | damaged in melee. [demonic ancestry]
   921 | D:1      | Reached XP level 3. HP: 24/24 MP: 1/6
  2401 | D:3      | Reached XP level 4. HP: 31/31 MP: 3/7
  2510 | D:3      | Reached skill level 1 in Fighting
  2925 | D:3      | Reached skill level 5 in Necromancy
  3204 | D:4      | Noticed a scorpion
  3239 | D:4      | Found Uloatue's Book Emporium.
  3243 | D:4      | Found Mumow's Assorted Antiques.
  3246 | D:4      | Found Hyatt's Book Emporium.
  3247 | D:4      | Noticed a black bear
  3536 | D:3      | Learned a level 3 spell: Vampiric Draining
  3978 | D:4      | Slain by a black bear

Illustrated notes

Levels and vault maps discovered:
D:1:      dpeg_arrival_radiant, layout_loops_ring, minmay_misc_feat_hallway,
          minmay_pentomino_o2
D:2:      layout_loops_ring, wad_floor_pattern_1, chequers_serial_rivers_micro_d
D:3:      layout_loops_ring, minmay_goblin_outpost
D:4:      layout_rooms, kennysheep_nondescript, minivault_19,
          nicolae_shop_distant_corner_stores

Skill      XL: |  1  2  3  4 |
---------------+-------------+-----
Stealth        | 2 |  2.2
Dodging        | 2 |  2.7
Fighting       | 1 |  1.4
Necromancy     | 5 |  5.1
Spellcasting   | |  2.8

Action                     |  1- 3 |  4- 6 || total
---------------------------+-------+-------++-------
  Melee: Unarmed           |    10 |       ||    10
         Short sword       |     4 |       ||     4
         Dagger            |       |    17 ||    17
         Punch             |       |     1 ||     1
   Cast: Necrotise         |    73 |    34 ||   107
   Stab: Sleeping          |     1 |       ||     1
 Armour: Robe              |    39 |    44 ||    83
  Dodge: Dodged            |    58 |    27 ||    85
